Cogmind - Beta 10.2 @@@ ROGUE MODE // 2021.01.25 @ 19:20:10 Player: AnthonyDPS 2004 Result: Destroyed by Y-45 Defender with Heavy Assault Rifle Performance ------------- Evolutions (0) 0 Regions Visited (2) 400 Robots Destroyed (7) 35 Value Destroyed (94) 94 Prototype IDs (0) 0 Alien Tech Used (0) 0 Bonus (0) 0 TOTAL SCORE: 529 Bonus ------- None Cogmind --------- Core Integrity 0/250 Matter 254/300 Energy 56/100 System Corruption 0% Temperature Cool (9) Movement Core (100) Ox1 Location -10/Mines Parts ------- > --- POWER (1) -------- (None) > --- PROPULSION (2) --- (None) > --- UTILITY (2) ------ Small Storage Unit > --- WEAPON (2) ------- EM Pulse Gun > --- INVENTORY (6) ---- Light Treads Compact Wheel Flight Unit Small Storage Unit Peak State ------------ > --- POWER ------------ Light Ion Engine > --- PROPULSION ------- Wheel Compact Wheel > --- UTILITY ---------- Small Storage Unit Sensor Array > --- WEAPON ----------- Light Assault Rifle Light Assault Rifle > --- INVENTORY -------- Light Ion Engine Light Treads Light Treads Aluminum Leg Compact Wheel Small Storage Unit [Rating: 7] Favorites ----------- Power Light Ion Engine Engine Light Ion Engine Propulsion Flight Unit Treads Light Treads Wheel Compact Wheel Flight Unit Flight Unit Utility Small Storage Unit Device Sensor Array Storage Small Storage Unit Weapon Light Assault Rifle Energy Gun Small Laser Ballistic Gun Light Assault Rifle Build | -11 -10 -10 ------- Run | Scr Mat Min Slots Evolved . | . . . Power . | . . . Propulsion . | . . . Utility . | . . . Weapon . | . . . Parts Attached 17 | 7 2 8 Power 3 | 1 . 2 Engine 3 | 1 . 2 Core . | . . . Reactor . | . . . Propulsion 5 | 2 . 3 Treads 1 | . . 1 Leg . | . . . Wheel 2 | 2 . . Hover . | . . . Flight 2 | . . 2 Utility 2 | 1 1 . Device 1 | . 1 . Storage 1 | 1 . . Processor . | . . . Hackware . | . . . Protection . | . . . Artifact . | . . . Weapon 7 | 3 1 3 Energy Gun 2 | . 1 1 Energy Cannon . | . . . Ballistic Gun 5 | 3 . 2 Ballistic Cannon . | . . . Launcher . | . . . Special Weapon . | . . . Impact Weapon . | . . . Slashing Weapon . | . . . Piercing Weapon . | . . . Special Melee Weapon . | . . . Unidentified Prototypes . | . . . Parts Lost 6 | . . 6 Power 1 | . . 1 Propulsion 2 | . . 2 Utility 1 | . . 1 Weapon 2 | . . 2 Highest Loss Streak 6 | . . 6 Average Slot Usage (%) 82 | . 97 78 Engine 10 | . 14 9 Treads 1 | . . 2 Wheel 8 | . 28 1 Flight 15 | . . 20 Device 12 | . 11 13 Storage 14 | . 14 14 Energy Gun 2 | . 5 . Ballistic Gun 17 | . 22 15 Naked Turns . | . . . Heaviest Build 10 | 10 10 10 Greatest Support 26 | 26 26 26 Greatest Overweight (x) 3 | 3 . 2 Average Overweight (x) . | . . . Largest Inventory Capacity 6 | 6 6 6 Average Capacity 5 | 4 6 6 Most Carried 6 | 6 6 6 Average Carried 4 | 4 6 5 Final Capacity 6 | 6 6 6 Final Carried 6 | 6 6 4 Class Distribution -------------------- 100% | Mutant Dominant Class ---------------- Mutant | -10/Materials Mutant | -10/Mines Resources | -11 -10 -10 ----------- Run | Scr Mat Min Matter Collected 370 | 294 . 76 Remotely . | . . . Salvage Created 303 | 116 . 187 Parts 15 | 4 . 11 Haulers Intercepted . | . . . Recyclers Shooed 1 | . . 1 Parts Field Recycled . | . . . Retrieved Matter . | . . . Parts Self-Destructed . | . . . Prevented . | . . . Kills | -11 -10 -10 ------- Run | Scr Mat Min Combat Hostiles Destroyed 4 | . . 4 Guns 4 | . . 4 Classes Destroyed 4 | 2 . 2 Tunneler 1 | 1 . . Recycler 2 | 1 . 1 Swarmer 3 | . . 3 Sentry 1 | . . 1 Best Kill Streak 3 | 2 . 3 Combat Bots Only 3 | . . 3 Max Kills in Single Turn 1 | 1 . 1 Gunslinging . | . . . Exploded . | . . . Melee . | . . . Uniques/NPCs Destroyed . | . . . Combat | -11 -10 -10 -------- Run | Scr Mat Min Damage Taken 757 | . . 757 Core 252 | . . 252 Absorbed by Shields . | . . . Core Remaining (%) 100 | 100 . . Volleys Fired 63 | 18 4 41 Largest 2 | 2 2 2 Hottest 60 | 40 40 60 Shots Fired 80 | 20 8 52 Gun 80 | 20 8 52 Cannon . | . . . Launcher . | . . . Special . | . . . Kinetic 72 | 20 8 44 Thermal 4 | . . 4 Explosive . | . . . Electromagnetic 4 | . . 4 Robot Hit Streak 13 | 4 1 13 Robot Miss Streak 3 | 3 2 2 Penetration Max . | . . . Secondary Targets . | . . . Shots Hit Robots 56 | 10 4 42 Core Hits 14 | 3 1 10 Critical Hits . | . . . Critical Kills . | . . . Critical Parts Destroyed . | . . . Melee Attacks . | . . . Impact . | . . . Slashing . | . . . Piercing . | . . . Sneak Attacks . | . . . Combat Hostiles . | . . . Follow-up Attacks . | . . . Damage Inflicted 524 | 92 34 398 Guns 498 | 92 34 372 Cannons . | . . . Explosions 26 | . . 26 Melee . | . . . Ramming . | . . . Kinetic 430 | 92 34 304 Thermal 48 | . . 48 Explosive . | . . . Electromagnetic 46 | . . 46 Impact . | . . . Slashing . | . . . Piercing . | . . . Highest Corruption . | . . . Average Corruption . | . . . Corruption Purged . | . . . Overload Shots . | . . . Overflow Damage . | . . . Projectiles . | . . . Explosions . | . . . Melee . | . . . Knockbacks . | . . . Impact . | . . . Kinetic . | . . . Secondary . | . . . Self-Inflicted Damage 23 | . . 23 Shots 1 | . . 1 Rammed . | . . . Targets Rammed . | . . . Kicked . | . . . Crushed . | . . . Highest Temperature 27 | . . 27 Average Temperature 10 | . . 10 Received Heat Transfer 207 | . . 207 Siege Activations . | . . . Robots Corrupted . | . . . Combat Hostiles . | . . . Parts Fried . | . . . Impact Corruptions . | . . . Robots Melted . | . . . Combat Hostiles . | . . . Parts Melted . | . . . Heat Transferred 100 | . . 100 Parts Sabotaged . | . . . Parts Stolen . | . . . Parts Stripped . | . . . Power Chain Reactions 1 | . . 1 Missiles Intercepted . | . . . Alert | -11 -10 -10 ------- Run | Scr Mat Min Peak Influence 123 | 10 36 123 Initial 13 | . 6 13 Average 52 | 4 28 86 Maximum Alert Level . | . . . Low Security (%) 100 | 100 100 100 Level 1 . | . . . Level 2 . | . . . Level 3 . | . . . Level 4 . | . . . Level 5 . | . . . High Security . | . . . Max Security . | . . . Squads Dispatched . | . . . Investigation . | . . . Extermination . | . . . Reinforcement . | . . . Assault . | . . . Garrison . | . . . Intercept . | . . . Construction Impeded . | . . . Haulers Reinforced . | . . . Stealth | -11 -10 -10 --------- Run | Scr Mat Min Distress Signals . | . . . Communications Jammed . | . . . Distress Signals . | . . . Times Spotted 7 | . 2 5 Peak Tracking Total 3 | . 2 3 Tactical Retreats . | . . . Traps | -11 -10 -10 ------- Run | Scr Mat Min Traps Triggered . | . . . Indirectly . | . . . Trap Hack Attempts . | . . . Triggered . | . . . Disarmed . | . . . Reprogrammed . | . . . Reused . | . . . Traps Extracted . | . . . Installed . | . . . Triggered . | . . . Machines | -11 -10 -10 ---------- Run | Scr Mat Min Machines Disabled 2 | . . 2 Max in Single Turn 2 | . . 2 Machines Sabotaged . | . . . Garrisons Compromised . | . . . Overloaded Fab Kills . | . . . Fab Network Shutdowns . | . . . Hacking | -11 -10 -10 --------- Run | Scr Mat Min Machines Accessed 1 | . 1 . Terminals . | . . . Fabricators . | . . . Repair Stations . | . . . Recycling Units 1 | . 1 . Scanalyzers . | . . . Garrison Access . | . . . Total Hacks 1 | . 1 . Successful 1 | . 1 . Failed . | . . . Catastrophic . | . . . Database Lockouts . | . . . Manual . | . . . Terminals . | . . . Fabricators . | . . . Repair Stations . | . . . Recycling Units 1 | . 1 . Scanalyzers . | . . . Garrison Access . | . . . Terminal Hacks . | . . . Fabricator Hacks . | . . . Repair Station Hacks . | . . . Recycling Unit Hacks 1 | . 1 . Report Inventory 1 | . 1 . Scanalyzer . | . . . Garrison Access Hacks . | . . . Unauthorized Hacks . | . . . Terminals . | . . . Fabricators . | . . . Repair Stations . | . . . Recycling Units . | . . . Scanalyzers . | . . . Garrison Access . | . . . Data Cores Recovered . | . . . Used . | . . . Hacking Detections . | . . . Full Trace Events . | . . . Feedback Events . | . . . Feedback Blocked . | . . . Robot Schematics Acquired . | . . . Robots Built . | . . . Matter . | . . . Time . | . . . Total Robot Build Rating . | . . . Part Schematics Acquired . | . . . Parts Built . | . . . Matter . | . . . Time . | . . . Total Part Build Rating . | . . . Parts Repaired . | . . . Time . | . . . Parts Recycled . | . . . Recycled Matter . | . . . Retrieved Matter . | . . . Retrieved Components . | . . . Parts Scanalyzed . | . . . Part Schematics Acquired . | . . . Parts Damaged . | . . . Bothacking | -11 -10 -10 ------------ Run | Scr Mat Min Used RIF Installer . | . . . Robots Hacked . | . . . Non-combat . | . . . Combat . | . . . Robot Hacks Applied . | . . . Relay Couplers Released . | . . . Robots Rewired . | . . . Allies Hacked . | . . . Hacks Repelled . | . . . Allies | -11 -10 -10 -------- Run | Scr Mat Min Total Allies . | . . . Largest Group . | . . . Highest-Rated Group . | . . . Highest-Rated Ally . | . . . Total Orders . | . . . Ally Attacks . | . . . Total Damage . | . . . Kills . | . . . Allies Corrupted . | . . . Allies Melted . | . . . Intel | -11 -10 -10 ------- Run | Scr Mat Min Robot Analysis Total . | . . . Derelict Logs Recovered 1 | . . 1 Drone Launches . | . . . Drone Recoveries . | . . . Exploration | -11 -10 -10 ------------- Run | Scr Mat Min Turns Passed 584 | 174 100 310 Spaces Moved 380 | 106 82 192 Core 75 | 72 . 3 Treads . | . . . Legs . | . . . Wheels 120 | 34 82 4 Hover . | . . . Flight 185 | . . 185 Fastest Speed 37 | 50 90 37 Average Speed 90 | 108 90 80 Slowest Speed 200 | 200 90 200 Overloaded Moves . | . . . Propulsion Burnouts . | . . . Robots Hopped 1 | . . 1 Cave-ins Triggered . | . . . Exploration Rate (%) 25 | 5 14 58 Regions Visited 2 Branch Regions 1 Pre-discovered Areas . | . . . Known Exits Taken . | . . . Unknown Exits Taken 2 | 1 1 . Scrap Searched . | . . . Spaces Dug . | . . . Terrain Destroyed 4 | . . 4 Melee . | . . . Projectile . | . . . AOE 4 | . . 4 Terrain Rammed . | . . . Walls Destroyed . | . . . Machines Disabled . | . . . Actions | -11 -10 -10 --------- Run | Scr Mat Min Total 555 | 149 101 305 Wait 71 | . 13 58 Move 376 | 105 81 190 Hop 1 | . . 1 Pick Up 14 | 14 . . Fast Attach 10 | 3 2 5 Attach 5 | 3 . 2 Detach 1 | . . 1 Swap 2 | 1 . 1 Drop 12 | 5 1 6 Fire 63 | 18 4 41 Melee . | . . . Ram . | . . . Kick . | . . . Crush . | . . . Escape Stasis . | . . . Rewire . | . . . Trap . | . . . Miscellaneous . | . . . Route ------- -11/Scrapyard -10/Materials -10/Mines History --------- Turn | Location | Event 40 | -11/Scrapyard | Discovered new exit (range 15) 175 | -11/Scrapyard | Entered Materials 187 | -10/Materials | Discovered new exit (range 5) 275 | -10/Materials | Entered Mines 322 | -10/Mines | Build established: Mutant 537 | -10/Mines | Core integrity fell below 50% 580 | -10/Mines | Core integrity fell below 20% 585 | -10/Mines | Destroyed by Y-45 Defender with Heavy Assault Rifle Last Messages --------------- 00309_ Acquired derelict log, extracted data. Data stored: Recycling entrances (x1). 00336_ R-06 Scavenger destroyed. 00338_ Acquired 33 matter. 00339_ Acquired Lgt. Ion Engine. 00341_ Dropped Lgt. Ion Engine. 00346_ Acquired 10 matter. 00349_ K-01 Serf collects debris. 00372_ K-01 Serf cleans the Core Extractor. 00527_ Y-45 Defender destroyed. 00533_ Lgt. Assault Rifle destroyed. 00539_ Flight Unit destroyed. 00546_ Lgt. Ion Engine destroyed. 00564_ Sensor Array destroyed. 00567_ Lgt. Treads destroyed. 00573_ Lgt. Assault Rifle destroyed. 00577_ Acquired EM Pulse Gun. 00579_ Chain reaction triggered in Imp. Ion Engine. 00579_ Machine disabled. 00584_ U-05 Engineer builds a Wall. Map ----- +----------------------------------------------------+ | | | | | | | | | | | | | | | | | | | | | ?????????????????????????????????????????????????? | | ??????????????????????????????###????????????????? | | ?????????????????????????????# #???????????????? | | ????????????????????????????? #########??????? | | ????????????????????????????? ###????? | | ?????????????????????????????? ##???? | | ?????????????????????????????? #???? | | ??????????????????????????????? #???? | | ??????????????????????????????? #?#### | | ???????????????????????????????? #??# | | ???????????????????????????????? #???# ## | | ????????????????????????????????# #????# #? | | ???????????????????????????????## #?????# #? | | ???????????????????????######### #?????????# #? | | ??????????????????????##!!## ####?????### #? | | ??????????????????????# |@ ; #????## ## | | ??????????????????????#[%* ; #???## # | | ??????????????????????#=[Y ; ### #??## # | | ??????????????????????# [ ##?# #?## ## ## | | ??????????????????????#;!!## ##??# ### ######? | | ??????????????????????##### ##???# ## ##????? | | ??????????????????????????# #????# ###??? | | ?????????????????????????# #????#### ###? | | ???????????????????????? #???????# ## | | ???????????????????????# #???????# # | | ???????????????????????## ##???????## # | | ????????????????????????# ###?????????## ## | | ??????????????????????#? #?????????????## ##? | | ??????????????????????# ???????????????## #### | | ??????????????????????? ????????????????# ## | | ??????????????????????? ????????????????# ## # | | ??????????????????????? ????????????????# # | | ??????????????????????? ????????????######## # | | ???????????????????????? ???????????## ##??# # | | ???????????????????????? ??????????## #??# # | | ???????????????????????? #?????????## #??# # | | ????????????????????????# #?????????# ##?# # | | ????????????????????????# #?????????# ### # | | ????????????????????????# ########??# # | | ??????????????########### # ## ##?# # | +----------------------------------------------------+ Best States ------------- Heat Dissipation 25 Energy Generation 10 Energy Capacity 125 Matter Stores 300 Matter Capacity 300 Sight Range 16 Robot Scan Range 10 Terrain Scan Density 10 Evasion (%) 62 Recoil Reduction 1 Item Schematics ----------------- None Robot Schematics ------------------ None Fabricated ------------ Nothing Alien Tech Used ----------------- None Achievements -------------- None Challenges ------------ None Game ------ Seed DiametricGravitonPick Manual? 0 Play Time 00:16:30 Cumulative 14.9 hours Start 2021.01.25 @ 18:56:17 End 2021.01.25 @ 19:20:10 Sessions 1 Manual Loads 0 Difficulty Rogue Special Mode None Game No. 30 Rogue 30 Adventurer 0 Explorer 0 Win Type - Total 0 Types 0/0/0/0/0/0/0/0/0 Lore% 18 Gallery% 20 Achievement% 15 Wizard Run 0 Options --------- ASCII 0 Keyboard 0 Movement Numpad Keybinds 0 Fullscreen 2 Font 18/SmallcapsGlow Map View 76x50 Tactical HUD 1 Map Filters NONE Filters NONE Steam 1 RUN: 80a7a67d-0b8b-4f4a-9cc7-25cc177e9353